 Dungeon Sprint DCSS version 0.22-a0-93-g6b88ebb (webtiles) character file.

2400000 Rottenbandages the Conqueror (level 24, -6/227 HPs)
             Began as a Formicid Warper on Jan 24, 2018.
             Was the Champion of Makhleb.
             Mangled by a destroyer
             ... wielding a +9 great sword of slicing
              (40 damage)
             ... in the Dungeon (Sprint VIII: "Arena of Blood").
             The game lasted 00:00:56 (24 turns).

Rottenbandages the Conqueror (Formicid Warper)        Turns: 24, Time: 00:00:57

Health: -6/227     AC:  6    Str: 20    XL:     24   Next: 3%
Magic:  8/54       EV: 33    Int: 13    God:    Makhleb [******]
Gold:   0          SH:  0    Dex: 18    Spells: 77/77 levels left

rFire    . . .     SeeInvis +   l - +∞ Axe of Woe
rCold    . . .     Gourm    .   (no shield)
rNeg     . . .     Faith    .   b - +0 leather armour
rPois    .         Spirit   .   (helmet unavailable)
rElec    .         Reflect  .   (no cloak)
rCorr    .         Harm     .   (no gloves)
MR       ++...                  (no boots)
Stlth    +++++++++.             (no amulet)
HPRegen  0.47/turn              (no ring)
MPRegen  0.34/turn              (no ring)

@: no status effects
A: permanent stasis, dig shafts and tunnels, four strong arms, antennae 3
a: Dig, Minor Destruction, Lesser Servant of Makhleb, Major Destruction, Greater
Servant of Makhleb, Renounce Religion


You were in the Dungeon.
You worshipped Makhleb.
Makhleb was exalted by your worship.
You were not hungry.

You visited 1 branch


Innate Abilities, Weirdness & Mutations

You cannot be hasted, slowed, berserked, paralysed or teleported.
You can dig through walls and to a lower floor.
Your four strong arms can wield two-handed weapons with a shield.
You have a pair of large antennae on your head. (SInv)


   Skills:
 O Level 27 Fighting
 O Level 27 Axes
 O Level 27 Throwing
 O Level 27 Armour
 O Level 27 Dodging
 O Level 27 Stealth
 O Level 27 Unarmed Combat
 O Level 27 Spellcasting
   Level 2.6 Translocations
 O Level 27 Invocations


You had 77 spell levels left.
You didn't know any spells.

Inventory:

Hand Weapons
 a - a +0 hand axe
 l - the +∞ Axe of Woe (weapon)
Missiles
 e - 5 tomahawks of dispersal (quivered)
Armour
 b - a +0 leather armour (worn)
Scrolls
 d - 2 scrolls of blinking
Potions
 g - a potion of curing
 h - a potion of heal wounds
 i - a potion of haste
 j - 2 potions of magic
 k - a potion of berserk rage
Books
 c - a book of Spatial Translocations

   Spells                             Type                      Level
   a - Blink                          Translocation                2
   b - Shroud of Golubria             Charms/Translocation         2
   c - Lesser Beckoning               Translocation                3
   d - Gell's Gravitas                Translocation                3
   e - Teleport Other                 Translocation                3
   f - Passage of Golubria            Translocation                4
Comestibles
 f - a ration

Dungeon Overview and Level Annotations

Branches:
Dungeon (1/1)

Altars:
Makhleb

.V.▒..)))..▒....
................
........o......▒
.......)).....▒.
.......oo...▒▒..
..▒..#o#o..▒....
..#..#o#oo.▒...▒
.▒▒.▒o.Oo.......
......oaVO......
▒....▒.....▒▒▒▒.
.............▒
...............
V......=.......▒
▒▒▒▒▒▒▒▒▒▒▒▒▒▒▒▒


You could see 2 destroyers, a large bag of meat (inner flame), a meat berserker
(berserk) and 11 bags of meat.


Message History

You hear a shout!!! x4
You regained 4 hp, and now have 216/227 hp!
Unknown command!
Unknown command!
Search for what [? for help]? chu Can't find anything matching that!
Search for what [Enter for "chu", or ? for help]? !
Press: ? - help, v - describe, ! - travel, g - get item A +9 BATTLEAXE!
There is something else lying underneath!
The floor, spattered with blood!
There is a cloud of flame here!
A bag of meat comes into view! It is wielding a +9 war axe!
You hear a shout!!! x3
The bag of meat is engulfed in blazing flames!
The destroyer blinks!!!
You hear a shout!!! x2
The bag of meat is engulfed in blazing flames!
The bag of meat moves out of view!
The destroyer appears out of thin air!!!
A destroyer comes into view!
It is wielding a +9 great sword of slicing!
Things that are here:
a +9 war axe; a +30 ring of slaying; a bag of meat corpse A destroyer comes into view!
It is wielding a +9 great sword of slicing!
You hear a shout!!!
The meat berserker is engulfed in blazing flames!
The destroyer hits you with a +9 great sword of slicing!!!!!!!!!!!!!!!
DANG * * * don't die * * * rip

Action                   |  1- 3 |  4- 6 |  7- 9 | 10-12 | 13-15 | 16-18 | 19-21 | 22-24 || total
-------------------------+-------+-------+-------+-------+-------+-------+-------+-------++-------
Melee: Executioner's axe |     1 |       |       |     1 |     1 |     2 |     2 |     1 ||     8
 Abil: Dig               |     1 |       |       |       |       |       |       |       ||     1
Dodge: Dodged            |       |       |       |       |       |       |     3 |     1 ||     4

Vault maps used:
D:        meatsprint

Notes
Turn   | Place    | Note
-------+----------+-------------------------------------------
     0 | D        | Found the +∞ Axe of Woe
     0 | D        | Rottenbandages the Formicid Warper began the quest for the Orb.
     0 | D        | Reached XP level 1. HP: 16/16 MP: 3/3
     4 | D        | Noticed a bag of meat
     4 | D        | Became a worshipper of Makhleb the Destroyer
     5 | D        | Noticed a bag of meat
     5 | D        | Noticed a bag of meat
     5 | D        | Noticed a bag of meat
     5 | D        | Noticed a meat berserker
     5 | D        | Noticed a bag of meat
     5 | D        | Noticed a bag of meat
     6 | D        | Noticed a meat berserker
     7 | D        | Noticed a bag of meat
     7 | D        | Noticed a bag of meat
     8 | D        | Noticed a bag of meat
     8 | D        | Noticed a bag of meat
     8 | D        | Noticed a meat berserker
     8 | D        | Killed a bag of meat
     8 | D        | Reached skill level 13 in Fighting
     8 | D        | Reached skill level 12 in Axes
     8 | D        | Reached skill level 12 in Throwing
     8 | D        | Reached skill level 13 in Armour
     8 | D        | Reached skill level 11 in Dodging
     8 | D        | Reached skill level 12 in Spellcasting
     8 | D        | Reached XP level 2. HP: 40/40 MP: 3/15
     8 | D        | Reached XP level 3. HP: 46/46 MP: 3/16
     8 | D        | Reached XP level 4. HP: 53/53 MP: 3/18
     8 | D        | Reached XP level 5. HP: 59/59 MP: 3/19
     8 | D        | Reached XP level 6. HP: 66/66 MP: 3/21
     8 | D        | Reached XP level 7. HP: 72/72 MP: 3/22
     8 | D        | Reached XP level 8. HP: 79/79 MP: 3/24
     8 | D        | Reached XP level 9. HP: 85/85 MP: 3/25
     8 | D        | Reached XP level 10. HP: 92/92 MP: 3/26
     8 | D        | Reached XP level 11. HP: 98/98 MP: 3/27
     8 | D        | Reached XP level 12. HP: 105/105 MP: 3/28
     9 | D        | Noticed a bag of meat
     9 | D        | Noticed a meat berserker
     9 | D        | Noticed a bag of meat
     9 | D        | Noticed a meat berserker
     9 | D        | Killed a bag of meat
     9 | D        | Reached * piety under Makhleb
     9 | D        | Reached skill level 15 in Fighting
     9 | D        | Reached skill level 14 in Axes
     9 | D        | Reached skill level 14 in Throwing
     9 | D        | Reached skill level 15 in Armour
     9 | D        | Reached skill level 13 in Dodging
     9 | D        | Reached skill level 14 in Spellcasting
     9 | D        | Reached XP level 13. HP: 116/116 MP: 3/31
     9 | D        | Killed a bag of meat
     9 | D        | Reached skill level 16 in Fighting
     9 | D        | Reached skill level 15 in Axes
     9 | D        | Reached skill level 15 in Throwing
     9 | D        | Reached skill level 16 in Armour
     9 | D        | Reached skill level 14 in Dodging
     9 | D        | Reached skill level 15 in Spellcasting
     9 | D        | Reached XP level 14. HP: 126/126 MP: 3/33
     9 | D        | Noticed a bag of meat
    10 | D        | Noticed a bag of meat
    10 | D        | Killed a meat berserker
    10 | D        | Reached skill level 18 in Fighting
    10 | D        | Reached skill level 17 in Axes
    10 | D        | Reached skill level 17 in Throwing
    10 | D        | Reached skill level 18 in Armour
    10 | D        | Reached skill level 16 in Dodging
    10 | D        | Reached skill level 17 in Spellcasting
    10 | D        | Reached XP level 15. HP: 48/137 MP: 3/36
    10 | D        | Reached ** piety under Makhleb
    10 | D        | Reached skill level 19 in Fighting
    10 | D        | Reached skill level 18 in Throwing
    10 | D        | Reached skill level 19 in Armour
    10 | D        | Reached skill level 18 in Spellcasting
    10 | D        | Reached XP level 16. HP: 95/146 MP: 3/38
    10 | D        | Killed a meat berserker
    10 | D        | Reached skill level 20 in Fighting
    10 | D        | Reached skill level 19 in Axes
    10 | D        | Reached skill level 19 in Throwing
    10 | D        | Reached skill level 20 in Armour
    10 | D        | Reached skill level 18 in Dodging
    10 | D        | Reached skill level 19 in Spellcasting
    11 | D        | Noticed a meat berserker
    11 | D        | Killed a meat berserker
    11 | D        | Reached skill level 21 in Fighting
    11 | D        | Reached skill level 20 in Axes
    11 | D        | Reached skill level 20 in Throwing
    11 | D        | Reached skill level 21 in Armour
    11 | D        | Reached skill level 19 in Dodging
    11 | D        | Reached skill level 9 in Stealth
    11 | D        | Reached skill level 20 in Spellcasting
    11 | D        | Reached skill level 9 in Invocations
    11 | D        | Reached XP level 17. HP: 160/160 MP: 4/41
    11 | D        | Reached *** piety under Makhleb
    11 | D        | Reached skill level 22 in Fighting
    11 | D        | Reached skill level 22 in Armour
    11 | D        | Reached skill level 11 in Stealth
    11 | D        | Reached skill level 11 in Invocations
    11 | D        | Reached XP level 18. HP: 168/168 MP: 4/42
    11 | D        | Killed a meat berserker
    11 | D        | Reached skill level 23 in Fighting
    11 | D        | Reached skill level 21 in Axes
    11 | D        | Reached skill level 21 in Throwing
    11 | D        | Reached skill level 23 in Armour
    11 | D        | Reached skill level 20 in Dodging
    11 | D        | Reached skill level 14 in Stealth
    11 | D        | Reached skill level 21 in Spellcasting
    11 | D        | Reached skill level 13 in Invocations
    12 | D        | Reached skill level 22 in Axes
    12 | D        | Reached skill level 22 in Throwing
    12 | D        | Reached skill level 15 in Stealth
    12 | D        | Reached skill level 22 in Spellcasting
    12 | D        | Reached skill level 14 in Invocations
    12 | D        | Killed a meat berserker
    12 | D        | Reached **** piety under Makhleb
    12 | D        | Reached skill level 24 in Fighting
    12 | D        | Reached skill level 24 in Armour
    12 | D        | Reached skill level 21 in Dodging
    12 | D        | Reached skill level 18 in Stealth
    12 | D        | Reached skill level 16 in Invocations
    12 | D        | Reached XP level 19. HP: 182/182 MP: 4/45
    12 | D        | Reached skill level 23 in Axes
    12 | D        | Reached skill level 23 in Throwing
    12 | D        | Reached skill level 23 in Spellcasting
    12 | D        | Reached skill level 17 in Invocations
    13 | D        | Noticed a meat berserker
    15 | D        | Noticed a large bag of meat
    17 | D        | Noticed a meat berserker
    17 | D        | Noticed a meat berserker
    18 | D        | Noticed a meat berserker
    18 | D        | Noticed a meat berserker
    18 | D        | Reached skill level 25 in Fighting
    18 | D        | Reached skill level 25 in Armour
    18 | D        | Reached skill level 22 in Dodging
    18 | D        | Reached skill level 19 in Stealth
    18 | D        | Reached skill level 18 in Invocations
    18 | D        | Reached XP level 20. HP: 114/192 MP: 6/47
    18 | D        | Reached ***** piety under Makhleb
    18 | D        | Reached skill level 20 in Stealth
    18 | D        | Reached skill level 19 in Invocations
    18 | D        | Killed a meat berserker
    18 | D        | Reached skill level 26 in Fighting
    18 | D        | Reached skill level 24 in Axes
    18 | D        | Reached skill level 24 in Throwing
    18 | D        | Reached skill level 26 in Armour
    18 | D        | Reached skill level 23 in Dodging
    18 | D        | Reached skill level 21 in Stealth
    18 | D        | Reached skill level 24 in Spellcasting
    18 | D        | Reached skill level 20 in Invocations
    19 | D        | Noticed a meat berserker
    20 | D        | Noticed a destroyer
    20 | D        | Noticed a large bag of meat
    20 | D        | Killed a meat berserker
    20 | D        | Reached skill level 27 in Fighting
    20 | D        | Reached skill level 25 in Axes
    20 | D        | Reached skill level 25 in Throwing
    20 | D        | Reached skill level 23 in Stealth
    20 | D        | Reached skill level 25 in Spellcasting
    20 | D        | Reached skill level 21 in Invocations
    20 | D        | Reached XP level 21. HP: 204/204 MP: 6/50
    20 | D        | Killed a meat berserker
    20 | D        | Reached skill level 26 in Axes
    20 | D        | Reached skill level 26 in Throwing
    20 | D        | Reached skill level 27 in Armour
    20 | D        | Reached skill level 24 in Dodging
    20 | D        | Reached skill level 24 in Stealth
    20 | D        | Reached skill level 26 in Spellcasting
    20 | D        | Reached skill level 23 in Invocations
    20 | D        | Reached skill level 25 in Stealth
    20 | D        | Killed a meat berserker
    20 | D        | Reached skill level 27 in Axes
    20 | D        | Reached skill level 27 in Throwing
    20 | D        | Reached skill level 25 in Dodging
    20 | D        | Reached skill level 27 in Stealth
    20 | D        | Reached skill level 27 in Spellcasting
    20 | D        | Reached skill level 25 in Invocations
    20 | D        | Reached XP level 22. HP: 212/212 MP: 6/53
    20 | D        | Killed a meat berserker
    20 | D        | Reached skill level 27 in Dodging
    20 | D        | Reached skill level 27 in Invocations
    20 | D        | Reached skill level 14 in Unarmed Combat
    22 | D        | Killed a meat berserker
    22 | D        | Reached skill level 22 in Unarmed Combat
    22 | D        | Reached XP level 23. HP: 219/219 MP: 7/54
    22 | D        | Reached ****** piety under Makhleb
    22 | D        | Reached skill level 25 in Unarmed Combat
    22 | D        | Reached skill level 27 in Unarmed Combat
    22 | D        | Killed a large bag of meat
    22 | D        | Reached XP level 24. HP: 227/227 MP: 7/54
    24 | D        | Noticed a destroyer
    24 | D        | Noticed a destroyer
    24 | D        | Mangled by a destroyer

Vanquished Creatures
  11 ogres (D)
  A two-headed ogre (D)
  13 orcs (D)
25 creatures vanquished.
